 Dungeon Crawl Stone Soup version 0.28-a0-1199-gef9e1dbd39 (webtiles) character file.

Game seed: 13743293762791627283

144 ytrimaz the Insei (level 5, -6/34 HPs)
             Began as an Octopode Transmuter on Dec 19, 2021.
             Splashed by a jelly's acid (7 damage)
             ... on level 4 of the Dungeon.
             The game lasted 00:03:58 (3514 turns).

ytrimaz the Insei (Octopode Transmuter)             Turns: 3514, Time: 00:03:59

Health: -6/34      AC:  1    Str:  9    XL:     5   Next: 27%
Magic:  9/9        EV: 13    Int: 18    God:
Gold:   166        SH:  0    Dex: 12    Spells: 4/10 levels left

rFire   . . .      SeeInvis .     - Unarmed
rCold   . . .      Faith    .   (no shield)
rNeg    . . .      Spirit   .   (helmet restricted)
rPois   .          Reflect  .   (no amulet)
rElec   .          Harm     .   (no ring)
rCorr   .          Rampage  .   (no ring)
Will    .....                   (no ring)
Stlth   ++........              (no ring)
HPRegen 0.11/turn               (no ring)
MPRegen 0.11/turn               (no ring)
                                (no ring)
                                (no ring)

@: no status effects
A: almost no armour, amphibious, 8 rings, camouflage 1, gelatinous body 1,
(nimble swimmer 1), tentacles
a: no special abilities


You were on level 4 of the Dungeon.
You visited 1 branch of the dungeon, and saw 4 of its levels.

You collected 166 gold pieces.

Inventory:

Potions
 b - a potion of resistance
 c - a potion of lignification {unknown}


   Skills:
 * Level 2.0 Fighting
 - Level 2.0 Dodging
 + Level 3.8 Unarmed Combat
 * Level 3.0 Spellcasting
 * Level 3.0 Transmutations
 * Level 1.4 Poison Magic


You had 4 spell levels left.
You knew the following spells:

 Your Spells              Type           Power      Damage    Failure   Level
a - Beastly Appendage     Tmut           26%        N/A       4%          1
b - Wereblood             Tmut           13%        N/A       7%          2
c - Spider Form           Tmut/Pois      10%        N/A       19%         3

Your spell library contained the following spells:

 Spells                   Type           Power      Damage    Failure   Level
 Poisonous Vapours        Pois/Air       10%        N/A       19%         2
 Corpse Rot               Necr/Air       4%         N/A       24%         2
 Ice Form                 Ice/Tmut       8%         N/A       65%         4


Dungeon Overview and Level Annotations

Branches:
Dungeon (4/15)
 Temple: D:4-7

Altars:

Annotations:
D:4 exclusion: kobold brigand


Innate Abilities, Weirdness & Mutations

You cannot wear most types of armour.
You are amphibious.
You can wear up to eight rings at the same time.
Your skin changes colour to match your surroundings (Stealth+).
Your rubbery body absorbs attacks. (AC +1, EV +1)
((You are camouflaged near water. (Stealth+)))
You have tentacles for arms and can constrict up to eight enemies at once.


Message History

Your tentacle spike disappears.
The ball python bites you but does no damage.
The ball python misses you.
There are monsters nearby!
Unknown command.
You tentacle-slap the ball python.
You feel a bit better.
You kill the ball python!
Casting: Wereblood (safe; 7% risk of failure)
Confirm with . or Enter, or press ? or * to list all spells.
The spell is quite dangerous to miscast (19% risk of failure)!
Continue anyway?
Okay, then.
You tentacle-slap the jelly.
Your tentacles burn!
The jelly is moderately wounded.
The jelly hits you. The acid corrodes you!
You are splashed with acid!
You tentacle-slap the jelly but do no damage.
The acid corrodes you!
Your tentacles burn!
The jelly is moderately wounded.
The jelly barely misses you.
Unknown command.
You tentacle-slap the jelly.
Your tentacles burn!
* * * LOW HITPOINT WARNING * * *
The jelly is moderately wounded.
The jelly barely misses you.
Unknown command.
Okay, then.
You aren't carrying any scrolls.
Unknown command.
You howl as the wereblood boils in your veins!
Your primal bloodlust is almost over.
The jelly hits you.
* * * LOW HITPOINT WARNING * * *
You are splashed with acid!
* * * LOW HITPOINT WARNING * * *
Your primal bloodlust has ended.
You are no longer corroded.
There is a stone staircase leading up here.
The jelly hits you.
* * * LOW HITPOINT WARNING * * *
You are splashed with acid!
You die...

####### #K #.....# #.
#.###.##### #.
#.#.....J@# #.
#.#.#.##### #. #.#.#.#
#. #.#.#.# #.####.#.#.#
#......#.#.#
########.#.# #.#.#
#.#.####################


You could see a jelly.

Vanquished Creatures
  An iguana (D:3)
  5 adders
  An ufetubus (D:4)
  2 dart slugs
  9 endoplasms
  2 giant cockroaches (D:1)
  7 goblins
  4 hobgoblins
  2 jackals (D:1)
  9 ball pythons
  6 bats
  4 frilled lizards
  7 kobolds
  3 rats
62 creatures vanquished.

Notes
Turn   | Place    | Note
-------+----------+-------------------------------------------
     0 | D:1      | ytrimaz the Octopode Transmuter began the quest for the
                  | Orb.
     0 | D:1      | Reached XP level 1. HP: 13/13 MP: 3/3
   273 | D:1      | Reached XP level 2. HP: 16/18 MP: 3/5
   816 | D:1      | Learned a level 2 spell: Wereblood
   919 | D:1      | Reached XP level 3. HP: 23/23 MP: 4/6
   923 | D:1      | Learned a level 3 spell: Spider Form
  1073 | D:1      | Found a faded altar of an unknown god.
  2268 | D:2      | You fall into a shaft and drop 2 floors!
  2295 | D:4      | Reached XP level 4. HP: 29/29 MP: 5/7
  2738 | D:3      | Reached skill level 1 in Poison Magic
  2917 | D:3      | Reached XP level 5. HP: 19/34 MP: 5/9
  3329 | D:4      | Noticed a kobold brigand
  3493 | D:4      | HP: 1/34 [acid (9)]
  3514 | D:4      | HP: 1/34 [jelly (2)]
  3514 | D:4      | Splashed by a jelly's acid

Illustrated notes

Levels and vault maps discovered:
D:1:      dpeg_arrival_rooms_with_view, layout_loops_ring, serial_glass,
          glass_columns_a, glass_columns_c, glass_columns_b, glass_columns_a,
          glass_columns_a, glass_columns_a, glass_columns_b, glass_columns_c,
          glass_columns_c, glass_columns_c, minmay_strange_pillars,
          feat_on_display, due_unseen_surprise,
          shapermc_ecumenical_altar_notcrosses, solitary_fountain,
          grunt_decor_arrowhead, minmay_shallow_snake_nest
D:2:      layout_basic, serial_corexii_hall, corexii_hall_statues_t,
          chequers_hall_statues_wall_a, chequers_hall_statues_y, serial_shops,
          shop, minivault_23, minmay_door_square, uniq_sigmund
D:3:      layout_basic
D:4:      minmay_diamond_boxcup, layout_basic, minmay_misc_feat_tiny

Skill      XL: |  1  2  3  4  5 |
---------------+----------------+-----
Poison Magic   | 1 |  1.4
Fighting       | 2 |  2.0
Spellcasting   | 3 |  3.0
Transmutations | 3 |  3.0
Dodging        | |  2.0
Unarmed Combat | |  3.8

Action                   |  1- 3 |  4- 6 || total
-------------------------+-------+-------++-------
Melee: Unarmed           |    95 |    55 ||   150
       Constrict         |    25 |     7 ||    32
       Kick              |    16 |     5 ||    21
       Tentacles         |    11 |       ||    11
       Punch             |     2 |     2 ||     4
 Cast: Beastly Appendage |    24 |     9 ||    33
       Spider Form       |       |     2 ||     2
       Wereblood         |       |     2 ||     2
  Use: Scroll            |       |     3 ||     3
 Stab: Sleeping          |     3 |     3 ||     6
Armor: Skin              |     9 |     3 ||    12
Dodge: Dodged            |    75 |    45 ||   120

Table legend: (Time is in decaauts)
 A = Elapsed time spent in this place.
 B = Non-inter-level travel time spent in this place.
 C = Inter-level travel time spent in this place.
 D = Time resting spent in this place.
 E = Time spent auto-exploring this place.
 F = Levels seen in this place.
 G = Mean time per level.
                   A        B        C        D        E       F      G
               +--------+--------+--------+--------+--------+-----+--------+
         Total |   3503 |   3449 |     54 |    593 |   2290 |   4 |  875.8 |
       Dungeon |   3503 |   3449 |     54 |    593 |   2290 |   4 |  875.8 |
               +--------+--------+--------+--------+--------+-----+--------+

Top non-repeatable levels by time:
     D:1: 1933 daAuts
     D:3: 899 daAuts
     D:4: 342 daAuts
     D:2: 327 daAuts
